 Dungeon Sprint DCSS version 0.17-a0-1655-g88a8506 (webtiles) character file.

269 Neuromancien059 the Cudgeler (level 6, -3/68 HPs)
             Began as a Troll Berserker on Aug 15, 2015.
             Was a Believer of Trog.
             Slain by a slime creature (11 damage)
             ... in the Dungeon (Sprint I: "Red Sonja").
             The game lasted 00:02:50 (218 turns).

Neuromancien059 the Cudgeler (Troll Berserker)       Turns: 218, Time: 00:02:50

Health: -3/68      AC:  5    Str: 28    XL:     6   Next: 1%
Magic:  5/5        EV: 12    Int:  3    God:    Trog [**....]
Gold:   162        SH:  0    Dex:  9    Spells: 0 memorised, 5 levels left

rFire  . . .     SeeInvis .     a - +0 mace
rCold  . . .     Clarity  .     b - +0 animal skin
rNeg   . . .     SustAt   .     (no shield)
rPois  .         Gourm    +     (helmet restricted)
rElec  .         Spirit   .     (no cloak)
rCorr  .         Warding  .     (gloves unavailable)
rMut   .         NoTele   +     (boots unavailable)
MR     .....                    (no amulet)
Stlth  +.........               (no ring)
                                (no ring)

@: not resistant to hostile enchantments, very unstealthy
A: unfitting armour, claws 3, fast metabolism 3, gourmand, regeneration 2,
shaggy fur 1, tough skin 2
a: Burn Spellbooks, Berserk, Trog's Hand, Renounce Religion


You were in the Dungeon.
You worshipped Trog.
Trog was pleased with you.
You were not hungry.

You visited 1 branch You collected 162 gold pieces.

Inventory:

Hand weapons
 a - a +0 mace (weapon)
Armour
 b - a +0 animal skin (worn)
Scrolls
 i - a scroll of blinking
Potions
 d - 2 potions of curing
 e - a potion of heal wounds
 f - a potion of haste
 g - 2 potions of magic
 h - a potion of berserk rage
Comestibles
 c - 2 bread rations
 j - 4 chunks of flesh


   Skills:
 + Level 6.3 Fighting
 + Level 6.9 Maces & Flails
 + Level 6.9 Dodging


You had 5 spell levels left.
You didn't know any spells.

Dungeon Overview and Level Annotations

Branches:
Dungeon (1/1)

Altars:
Cheibriados
Dithmenos
Fedhas
Jiyva


Innate Abilities, Weirdness & Mutations

You are too large for most types of armour.
You have claws for hands.
Your metabolism is lightning-fast.
You like to eat raw meat.
You heal very quickly.
You are covered in fur (AC +1).
You have very tough skin (AC +2).


Message History

The slime creature hits you!
* * * LOW HITPOINT WARNING * * *
There is an open door, spattered with blood here.
There is an open door here.
There isn't anything here!
Things that are here:
a scythe; a robe; the human skeleton of Sigmund
There is an open door here.
You see here a giant club.
There is an open door, spattered with blood here.
You see here a ring mail.
There is an open door here.
The slime creature barely misses you. The slime creature hits you!
* * * LOW HITPOINT WARNING * * *
There is an open door here.
You see here a ring mail.
There is an open door here.
The slime creature hits you!
You die...

###################
#<.#..J@.#..'..#__#
#..'[.#..').#..'^.+
#..#####'#####+#__#
#..# #..# #### #..#
#### #..# #⌠⌠# ####


You could see a slime creature.

Vanquished Creatures
  Sigmund (D)
  An ogre (D)
  Ijyb (D)
3 creatures vanquished.

Notes
Turn   | Place    | Note
--------------------------------------------------------------
     0 | D        | Neuromancien059 the Troll Berserker began the quest for the Orb.
     0 | D        | Reached XP level 1. HP: 22/22 MP: 0/0
     2 | D        | Noticed Ijyb
    43 | D        | Killed Ijyb
    43 | D        | Reached skill level 3 in Fighting
    43 | D        | Reached skill level 4 in Maces & Flails
    43 | D        | Reached XP level 2. HP: 29/31 MP: 1/1
    59 | D        | Noticed an ogre
    66 | D        | Killed an ogre
    66 | D        | Acquired Trog's second power
    66 | D        | Reached skill level 5 in Fighting
    66 | D        | Reached skill level 5 in Maces & Flails
    66 | D        | Reached skill level 5 in Dodging
    66 | D        | Reached XP level 3. HP: 21/42 MP: 2/2
    66 | D        | Reached XP level 4. HP: 25/50 MP: 3/3
    72 | D        | Noticed Sigmund
    83 | D        | Killed Sigmund
    83 | D        | Reached skill level 6 in Fighting
    83 | D        | Reached XP level 5. HP: 17/61 MP: 4/4
    83 | D        | Reached XP level 6. HP: 18/68 MP: 5/5
   190 | D        | Found a snail-covered altar of Cheibriados.
   190 | D        | Found a viscous altar of Jiyva.
   190 | D        | Found a shadowy altar of Dithmenos.
   190 | D        | Found a blossoming altar of Fedhas.
   190 | D        | Noticed a slime creature
   218 | D        | Slain by a slime creature

Vault maps used:
D:        dungeon_sprint_1

Action                   |  1- 3 |  4- 6 || total
-------------------------+-------+-------++-------
Melee: Mace              |    46 |    13 ||    59
